 Dungeon Crawl Stone Soup version 0.32-a0-7-ge934b4519a (webtiles) character file.

Game seed: 1934194930521659934

52509 Skeral the Thaumaturge (level 14, -5/157 HPs)
             Began as an Oni Hedge Wizard on Dec 30, 2023.
             Was a High Priest of Vehumet.
             Killed from afar by Aizul (23 damage)
             ... with a bolt of poison
             ... on level 1 of the Snake Pit on Jan 14, 2024.
             The game lasted 01:13:37 (17443 turns).

Skeral the Thaumaturge (Oni Hedge Wizard)          Turns: 17443, Time: 01:13:38

Health: -5/157     AC: 11    Str: 17    XL:     14   Next: 64%
Magic:  7/32       EV: 15    Int: 23    God:    Vehumet [*****.]
Gold:   1506       SH:  0    Dex: 10    Spells: 12/42 levels left

rFire   + . .        v - staff of fire {!a}
rCold   . . .        (no shield)
rNeg    . . .        T - +0 acid dragon scales
rPois   .            c - +0 hat
rElec   .            f - +2 cloak of the Thief {*Fog Slay-2 SInv Stlth+}
rCorr   +            (gloves unavailable)
SInv    +            (boots unavailable)
Will    +....        u - amulet of magic regeneration
Stlth   ++           I - +6 ring of intelligence
HPRegen 0.46/turn    E - +5 ring of evasion
MPRegen 0.63/turn

%: no passive effects
@: lethally poisoned (-5 -> -60)
A: large, unfitting armour, horns 1, tough skin 1, double potion healing,
drunken brawling
a: Renounce Religion


You were on level 1 of the Snake Pit.
You worshipped Vehumet.
Vehumet was extremely pleased with you.
You visited 4 branches of the dungeon, and saw 17 of its levels.
You also visited: Sewer and Ossuary.

You collected 2083 gold pieces.
You spent 577 gold pieces at shops.


Innate Abilities, Weirdness & Mutations

You are too large for most types of armour.
You have a pair of small horns on your head.
You have tough skin. (AC +1)
You gain doubled healing and magic from potions.
Whenever you drink a healing potion, you attack all around you.


   Skills:
 + Level 14.5 Fighting
 - Level 5.0 Armour
 - Level 4.0 Dodging
 - Level 1.4 Stealth
 + Level 14.5 Spellcasting
 - Level 12.0 Conjurations
 - Level 3.0 Summonings
 - Level 6.0 Translocations
 - Level 6.0 Ice Magic
 - Level 9.0 Air Magic
 - Level 2.0 Earth Magic
 - Level 4.5 Alchemy


You had 12 spell levels left.
You knew the following spells:

 Your Spells              Type           Power      Damage    Failure   Level
a - Vhi's Electric Charg  Tloc/Air       100%       N/A       2%          4
b - Blink                 Tloc           88%        N/A       1%          2
f - Freezing Cloud        Conj/Ice/Air   27%        6-21      1%          5
i - Iskenderun's Mystic   Conj/Tloc      55%        2d12      1%          4
s - Stone Arrow           Conj/Erth      96%        3d13      1%          3
M - Mephitic Cloud        Conj/Alch/Air  54%        N/A       1%          3
X - Mercury Vapours       Alch/Air       94%        N/A       1%          2
Y - Arcjolt               Conj/Air       30%        1d40      1%          5
Z - Scorch                Fire           50%        2d7       1%          2

Your spell library contained the following spells:

 Spells                   Type           Power      Damage    Failure   Level
 Starburst                Conj/Fire      30%        6d9       16%         6
 Magic Dart               Conj           100%       1d8       1%          1
 Sting                    Conj/Alch      100%       1d9       1%          1
 Call Imp                 Summ           60%        N/A       1%          2
 Cigotuvi's Dreadful Rot  Necr/Alch/Air  74%        N/A       1%          2
 Volatile Blastmotes      Fire/Tloc      90%        2d17      1%          3
 Fulminant Prism          Conj/Alch      26%        3d14      1%          4
 Iskenderun's Battlesphe  Conj           64%        2d11      1%          5
 Olgreb's Toxic Radiance  Alch           37%        N/A       2%          4
 Slow                     Hex            64%        N/A       4%          1
 Bombard                  Conj/Erth      24%        9d5       11%         6
 Leda's Liquefaction      Alch/Erth      15%        N/A       12%         4
 Lee's Rapid Deconstruct  Erth           12%        3d9*      16%         5
 Spellforged Servitor     Conj/Summ      25%        N/A       41%         7
 Maxwell's Capacitive Co  Air            27%        ∞         86%         8

Inventory:

Hand Weapons
 j - a +1 mace of protection
   (You found it on level 2 of the Dungeon)
 H - a +2 vampiric spear
   (You took it off a gnoll on level 6 of the Dungeon)
Missiles
 i - 13 poisoned darts
 G - 4 throwing nets {=f!f}
 M - 4 curare-tipped darts {=f}
 V - 10 boomerangs
Armour
 c - a +0 hat (worn)
 f - the +2 cloak of the Thief (worn) {*Fog Slay-2 SInv Stlth+}
   (You found it on level 10 of the Dungeon)

   *Fog:      It may release a thick cloud of smoke when the wearer is hurt.
   Slay-2:    It affects your accuracy & damage with ranged weapons and melee
   (-2).
   SInv:      It lets you see invisible.
   Stlth+:    It makes you more stealthy.
 r - a +0 kite shield
   (You found it on level 3 of the Dungeon)
 T - +0 acid dragon scales (worn)
   (You found it on level 9 of the Dungeon)
Magical Staves
 v - a staff of fire (weapon) {!a}
   (You found it on level 5 of the Dungeon)
Jewellery
 u - an amulet of magic regeneration (around neck)
   (You found it on level 4 of the Dungeon)
 E - a +5 ring of evasion (right hand)
   (You found it on level 5 of the Lair of Beasts)
 I - a +6 ring of intelligence (left hand)
   (You bought it in a shop on level 10 of the Dungeon)
 U - an amulet of reflection
   (You found it on level 10 of the Dungeon)
Wands
 g - a wand of digging (9)
   (You found it on level 2 of the Lair of Beasts)
 l - a wand of roots (36)
   (You found it on level 2 of the Dungeon)
 m - a wand of charming (18)
   (You found it on level 2 of the Dungeon)
 D - a wand of polymorph (4)
   (You found it on level 5 of the Dungeon)
 O - a wand of mindburst (18)
   (You found it on level 8 of the Dungeon)
 Q - a wand of light (7)
   (You found it on level 8 of the Dungeon)
Scrolls
 h - 5 scrolls of enchant weapon
 k - a scroll of summoning {unknown}
 n - 3 scrolls of fear
 o - 9 scrolls of teleportation {@r4}
 q - a scroll of brand weapon
 s - a scroll of enchant armour
 x - 3 scrolls of poison {!r}
 y - a scroll of fog {unknown}
 B - 4 scrolls of revelation {unknown}
 F - a scroll of vulnerability {!r!r}
 J - a scroll of torment {unknown}
 K - 2 scrolls of immolation {unknown}
 N - 2 scrolls of blinking {!r}
 Y - a scroll of acquirement {unknown}
Potions
 a - 3 potions of might
 b - 3 potions of berserk rage {!q}
 d - a potion of magic
 e - 2 potions of attraction {!q}
 p - 7 potions of mutation {!q}
 t - 4 potions of heal wounds {unknown}
 w - 6 potions of enlightenment
 z - 2 potions of resistance
 A - 3 potions of brilliance
 C - a potion of invisibility
 L - 2 potions of cancellation
 P - a potion of lignification {!q}
 R - a potion of curing {@q1}
 S - a potion of haste {@q3}
 W - a potion of ambrosia {unknown}
Miscellaneous
 X - a condenser vane
   (You found it on level 5 of the Lair of Beasts)

Dungeon Overview and Level Annotations

Branches:
Dungeon (10/15) Zot: 25736  Temple (1/1) D:4 Zot: 5981    Lair (5/5) D:9 Zot: 23213
  Swamp (0/4) Lair:2        Snake (1/4) Lair:2 Zot: 5909   Slime (0/5) Lair:5
  Sewer (visited)         Ossuary (visited)
    Orc: D:9-12

Altars:
Ashenzari
Cheibriados
Dithmenos
Elyvilon
Fedhas
Gozag
Hepliaklqana
Kikubaaqudgha
Makhleb
Nemelex Xobeh
Okawaru
Qazlal
Ru
Sif Muna
Trog
Uskayaw
Vehumet
Wu Jian
Xom
Yredelemnul
Zin
The Shining One
Jiyva

Shops:
D:5 *   D:6 [*   D:8 **=   D:10 *

Annotations:
Snake:1 Aizul

#####..#.........#
...#.......#.........#
......>....#.##..^####
...§.......#.....##
..§§§............##
.§.§§§............#
.§§§§§§§§§........#
.§§§.§§§§§........#
....NS§@§§§......##
....§§§§§........#
.....§§§.§.......#
......§#.........#
.................#
.......#.........#
....##...........#
...# ###.........#


You could see Aizul and a naga warrior.


Message History

Casting: Freezing Cloud (mildly dangerous; 1% risk of failure)
Confirm with . or Enter, or press ? or * to list all spells.
Aiming: Freezing Cloud (mildly dangerous; 1% risk of failure)
Press: ? - help, Dir - move target, f - Aizul
Aim: Aizul (lightly wounded)
You feel very sick.
Aizul is engulfed in freezing vapours. 😕 HP[-5] MP[-4]
You take 5 damage, and now have 119/157 hp.
You lost 4 mp, and now have 24/32 mp.
Casting: Freezing Cloud (mildly dangerous; 1% risk of failure)
Confirm with . or Enter, or press ? or * to list all spells.
Aiming: Stone Arrow (safe; 1% risk of failure)
Press: ? - help, Shift-Dir - straight line, f/p - Aizul
Aim: Aizul (freezing vapour, lightly wounded, 51% to hit)
The stone arrow misses Aizul.
You feel very sick.
Aizul is engulfed in freezing vapours.
Aizul casts a spell at you. The poison arrow misses you.
Aizul is engulfed in freezing vapours. 😮 HP[-3] MP[-3]
You take 3 damage, and now have 116/157 hp.
You lost 3 mp, and now have 21/32 mp.
Casting: Stone Arrow (safe; 1% risk of failure)
Confirm with . or Enter, or press ? or * to list all spells.
Aiming: Stone Arrow (safe; 1% risk of failure)
Press: ? - help, Shift-Dir - straight line, f/p - Aizul
Aim: Aizul (blue smoke, lightly wounded, 51% to hit)
The stone arrow hits Aizul!!
You feel very sick.
A naga warrior comes into view.
It is wielding a +0 scimitar and wearing a +0 kite shield of protection. 😮 HP[-3] MP[-2]
You take 3 damage, and now have 113/157 hp.
You lost 2 mp, and now have 19/32 mp.
Casting: Stone Arrow (safe; 1% risk of failure)
Confirm with . or Enter, or press ? or * to list all spells.
You erupt in a blast of force!
The mystic blast hits Aizul!
The naga warrior shouts!
You feel very sick. 😮 HP[-2] MP[-3]
You take 2 damage, and now have 111/157 hp.
You lost 3 mp, and now have 16/32 mp.
Casting: Iskenderun's Mystic Blast (safe; 1% risk of failure)
Confirm with . or Enter, or press ? or * to list all spells.
Aiming: Freezing Cloud (mildly dangerous; 1% risk of failure)
Press: ? - help, Dir - move target, f/p - Aizul
Aim: Aizul (moderately wounded)
You feel sick.
Aizul is engulfed in freezing vapours.
Aizul casts a spell at you. The poison arrow hits you!!
You are more poisoned.
With a swish of your cloak, you release a cloud of fog.
Aizul is engulfed in freezing vapours. 😮 HP[-30] MP[-5]
You take 30 damage, and now have 81/157 hp.
You lost 5 mp, and now have 11/32 mp.
Casting: Freezing Cloud (mildly dangerous; 1% risk of failure)
Confirm with . or Enter, or press ? or * to list all spells.
Aiming: Stone Arrow (safe; 1% risk of failure)
Press: ? - help, Shift-Dir - straight line, f/p - Aizul
Aim: Aizul (blue smoke, moderately wounded, 51% to hit)
The stone arrow hits Aizul.
You feel extremely sick.
Aizul coils herself and waves her upper body at you.
You fall asleep.
The naga warrior is engulfed in freezing vapours.
You feel very sick. Aizul completely misses you. Aizul hits you!!
You wake up.
* * * LOW HITPOINT WARNING * * *
The naga warrior is engulfed in freezing vapours. 😱 HP[-42] MP[-1]
You take 42 damage, and now have 39/157 hp.
MASSIVE DAMAGE!! (PAUSE)
You lost 1 mp, and now have 10/32 mp.
You savour every drop.
You feel better. Aizul closely misses you. 😨 HP[+16]
You regained 16 hp, and now have 55/157 hp.
Casting: Stone Arrow (safe; 1% risk of failure)
Confirm with . or Enter, or press ? or * to list all spells.
You erupt in a blast of force!
The mystic blast hits Aizul!
Aizul is knocked back by the mystic blast.
Aizul casts a spell at you. The bolt of poison hits you!!!
You are poisoned.
* * * LOW HITPOINT WARNING * * *
With a swish of your cloak, you release a cloud of fog.
The naga warrior is engulfed in freezing vapours. 😱 HP[-39] MP[-3]
You take 39 damage, and now have 16/157 hp.
MASSIVE DAMAGE!! (PAUSE)
You lost 3 mp, and now have 7/32 mp.
You savour every drop.
You feel better. Aizul casts a spell at you. The bolt of poison hits you!!
You are poisoned.
* * * LOW HITPOINT WARNING * * *
Aizul coils herself and waves her upper body at you.
The bolt of poison hits you!!
You are more poisoned.
You die...

Skill      XL: |  1  2  3  4  5  6  7  8  9 10 11 12 13 14 |
---------------+-------------------------------------------+-----
Translocations | 1 2 3 5 6 |  6.0
Conjurations   | 1 2 3 4 5 7 8 10 12 | 12.0
Fighting       | 1 2 3 5 6 9 11 12 13 14 | 14.5
Summonings     | 1 2 3 |  3.0
Alchemy        | 1 2 3 4 |  4.5
Air Magic      | 1 2 3 4 6 8 9 |  9.0
Spellcasting   | 4 5 6 8 9 13 14 | 14.5
Earth Magic    | 2 |  2.0
Armour         | 2 5 |  5.0
Dodging        | 2 4 |  4.0
Ice Magic      | 1 6 |  6.0
Stealth        | |  1.4

Action                     |  1- 3 |  4- 6 |  7- 9 | 10-12 | 13-15 || total
---------------------------+-------+-------+-------+-------+-------++-------
  Melee: Dagger            |    94 |    31 |       |       |       ||   125
         Punch             |     1 |       |     3 |     1 |     1 ||     6
         Headbutt          |    18 |    27 |    53 |    35 |     2 ||   135
         Mace              |       |   145 |   282 |   105 |    16 ||   548
   Cast: Magic Dart        |    67 |    64 |    11 |       |       ||   142
         Call Imp          |       |    24 |    36 |       |       ||    60
         Mercury Vapours   |       |     4 |    39 |     5 |     5 ||    53
         Mephitic Cloud    |       |       |     9 |    11 |     2 ||    22
         Scorch            |       |       |    41 |    37 |    16 ||    94
         Stone Arrow       |       |       |     7 |   248 |   191 ||   446
         Arcjolt           |       |       |       |    23 |     4 ||    27
         Blink             |       |       |       |     2 |       ||     2
         Iskenderun's Myst |       |       |       |    11 |    31 ||    42
         Freezing Cloud    |       |       |       |       |    38 ||    38
  Evoke: Wand              |       |       |       |     4 |       ||     4
    Use: Scroll            |       |       |    11 |     9 |     6 ||    26
         Potion            |       |       |     1 |     4 |     3 ||     8
   Stab: Sleeping          |     2 |     2 |     1 |       |       ||     5
         Distracted        |       |     1 |       |       |       ||     1
         Confused          |       |       |     4 |     1 |       ||     5
 Armour: Robe              |    69 |   173 |   348 |   101 |       ||   691
         Acid dragon scale |       |       |       |   256 |   116 ||   372
  Dodge: Dodged            |    53 |   129 |   222 |   156 |    56 ||   616

Levels and vault maps discovered:
D:1:      erik_arrival_triangle_small, layout_basic
D:2:      layout_loops_cross, corexii_item_surrounded_by_moat
D:3:      layout_loops_ring, grunt_ministairs_3, kennysheep_big_empty_room,
          chequers_serial_rivers_micro_c, minmay_surrounded
D:4:      layout_rooms, slow_altar_2, temple_fountains
D:5:      layout_cave_pools, lemuel_crystal_altar,
          nicolae_gozag_zags_fifth_avenue, enter_ossuary_1,
          nicolae_concentric_dashed_squares_wild, minmay_manual_mares,
          uniq_duvessa
D:6:      layout_basic, zin_purify, portal_sewer_entry_b, serial_shops,
          nicolae_shop_peninsula, grunt_ministairs_4, uniq_crazy_yiuf_cottage,
          uniq_edmund
D:7:      layout_basic, grunt_temple_overflow_open, uniq_menkaure
D:8:      layout_basic, kennysheep_mini_moat, serial_shops, nicolae_shop_stone,
          nicolae_shop_behind_doors, nicolae_shop_rolling_square, uniq_pikel
D:9:      layout_basic, led_sif_pool, mainiacjoe_overflow_six_doors_small,
          amcnicky_altar_gilded, grunt_lair_entry_orc_guard_hut
D:10:     cheibrodos_wizards_tower, layout_cross,
          gammafunk_temple_overflow_statue, serial_shops, shop_fountains,
          due_unseen_surprise
Temple:   nicolae_temple_two_arcs
Lair:1:   layout_layer_cave, basic_altar
Lair:2:   layout_cave_shapes, swamp_mist, nicolae_snake_entry_warm_welcome,
          basic_altar, chequers_serial_rivers_micro_a, lemuel_fruit_tree
Lair:3:   layout_cave_pods, pdpol_lair_cavern_descent
Lair:4:   layout_long_grid, lemuel_fruit_fields
Lair:5:   minmay_lair_end_frog_pond, layout_regular_city,
          minmay_slime_entry_jelly_boxes, bobbens_dragon_lair_wall,
          serial_bayou_shore_b
Snake:1:  layout_rooms, uniq_aizul, uniq_asterion, uniq_azrael, uniq_nikola

Notes
Turn   | Place    | Note
-------+----------+-------------------------------------------
     0 | D:1      | Skeral the Oni Hedge Wizard began the quest for the Orb.
     0 | D:1      | Reached XP level 1. HP: 16/16 MP: 5/5
     0 | D:1      | magus.rc [v1.10.3]
    49 | D:1      | Reached skill level 1 in Translocations
    74 | D:1      | Reached skill level 1 in Conjurations
   166 | D:1      | Reached skill level 1 in Fighting
   166 | D:1      | Reached XP level 2. HP: 27/27 MP: 2/6
   270 | D:1      | Learned a level 2 spell: Blink
   273 | D:1      | Learned a level 2 spell: Call Imp
   342 | D:1      | Reached skill level 1 in Summonings
   488 | D:1      | Reached XP level 3. HP: 33/33 MP: 1/8
   496 | D:1      | You add the spells Vhi's Electric Charge, Arcjolt and
                  | Maxwell's Capacitive Coupling to your library.
   526 | D:1      | Learned a level 3 spell: Mephitic Cloud
  1107 | D:1      | Reached skill level 2 in Fighting
  1141 | D:2      | You add the spells Sting, Mercury Vapours and Olgreb's
                  | Toxic Radiance to your library.
  1218 | D:2      | Reached XP level 4. HP: 42/42 MP: 3/9
  1545 | D:1      | Reached skill level 2 in Translocations
  1560 | D:1      | magus.rc [v1.10.3]
  1617 | D:2      | Reached skill level 2 in Conjurations
  1617 | D:2      | Reached skill level 1 in Alchemy
  1618 | D:2      | Reached skill level 1 in Air Magic
  1727 | D:2      | Reached XP level 5. HP: 50/50 MP: 4/10
  2755 | D:4      | Reached skill level 3 in Fighting
  2755 | D:4      | Reached skill level 2 in Summonings
  2843 | D:3      | Reached XP level 6. HP: 53/61 MP: 11/11
  2951 | D:4      | Found a staircase to the Ecumenical Temple.
  2958 | Temple   | Entered the Ecumenical Temple
  2967 | Temple   | Became a worshipper of Vehumet
  3146 | D:4      | Found a snail-covered altar of Cheibriados.
  3288 | D:5      | Entered Level 5 of the Dungeon
  3288 | D:5      | Found a sand-covered staircase.
  3304 | D:5      | Reached skill level 2 in Air Magic
  3304 | D:5      | Reached skill level 2 in Alchemy
  3358 | D:5      | Learned a level 2 spell: Mercury Vapours
  3503 | Ossuary  | Entered an ossuary
  3555 | Ossuary  | Reached XP level 7. HP: 68/68 MP: 4/12
  3632 | Ossuary  | Reached skill level 3 in Conjurations
  3638 | Ossuary  | Reached skill level 4 in Fighting
  3663 | Ossuary  | Reached * piety under Vehumet
  3663 | Ossuary  | Offered knowledge of Sandblast by Vehumet.
  3893 | D:5      | Reached skill level 3 in Summonings
  3896 | D:5      | Reached skill level 3 in Air Magic
  3927 | D:5      | Found Gozag's Platinum Reserve.
  3930 | D:5      | Found an opulent altar of Gozag.
  3953 | D:5      | Noticed Dowan
  3954 | D:5      | Noticed Duvessa
  4068 | D:5      | Found a glowing golden altar of the Shining One.
  4080 | D:5      | Reached skill level 3 in Alchemy
  4129 | D:5      | Reached skill level 5 in Fighting
  4129 | D:5      | Reached skill level 4 in Spellcasting
  4129 | D:5      | Reached XP level 8. HP: 80/80 MP: 4/14
  4282 | D:5      | Killed Duvessa
  4321 | D:5      | Reached skill level 4 in Conjurations
  4510 | D:5      | Killed Dowan
  4537 | D:6      | Reached skill level 5 in Spellcasting
  4659 | D:6      | Found a glowing silver altar of Zin.
  4661 | D:6      | Found Zin's Purification Station.
  4884 | D:6      | Reached skill level 6 in Fighting
  4884 | D:6      | Reached skill level 4 in Air Magic
  4895 | D:6      | Reached skill level 4 in Alchemy
  4951 | D:6      | You pick up a book of Blasting and begin reading...
  4951 | D:6      | You add the spells Volatile Blastmotes, Fulminant Prism and
                  | Iskenderun's Mystic Blast to your library.
  4952 | D:6      | Found a glowing drain.
  4971 | Sewer    | Entered a sewer
  5012 | Sewer    | Reached ** piety under Vehumet
  5012 | Sewer    | Offered knowledge of Freeze by Vehumet.
  5120 | Sewer    | Reached XP level 9. HP: 92/92 MP: 16/16
  5128 | Sewer    | Reached skill level 7 in Fighting
  5226 | Sewer    | Offered knowledge of Scorch by Vehumet.
  5231 | Sewer    | Reached skill level 5 in Conjurations
  5414 | D:6      | Noticed Edmund
  5563 | D:6      | Reached skill level 8 in Fighting
  5585 | D:6      | Reached *** piety under Vehumet
  5595 | D:6      | Found Eppinaci's Armour Shoppe.
  5634 | D:6      | Bought a +2 robe of cold resistance for 247 gold pieces
  5652 | D:6      | Learned a level 5 spell: Arcjolt
  5694 | D:6      | Found a runed translucent door.
  5698 | D:6      | Learned a level 2 spell: Scorch
  5698 | D:6      | Noticed Crazy Yiuf
  5710 | D:6      | Killed Crazy Yiuf
  5906 | D:7      | Reached skill level 9 in Fighting
  6014 | D:7      | Noticed Menkaure
  6020 | D:7      | Killed Menkaure
  6249 | D:7      | Reached skill level 6 in Spellcasting
  6253 | D:7      | You pick up a book of the Earth and begin reading...
  6253 | D:7      | You add the spells Leda's Liquefaction, Lee's Rapid
                  | Deconstruction and Bombard to your library.
  6454 | D:6      | Upgraded the game from 0.31-a0-1499-ge0622b2318 to
                  | 0.31-a0-1603-gbec6b6ccbf
  6454 | D:6      | magus.rc [v1.10.3]
  6488 | D:6      | Killed Edmund
  6489 | D:6      | Reached skill level 3 in Translocations
  6614 | D:7      | Offered knowledge of Stone Arrow by Vehumet.
  6620 | D:7      | Learned a level 3 spell: Stone Arrow
  6694 | D:7      | Found a hazy altar of Hepliaklqana.
  6694 | D:7      | Found a hide-covered altar of Uskayaw.
  6707 | D:7      | Reached XP level 10. HP: 95/107 MP: 5/20
  6978 | D:7      | Reached skill level 7 in Spellcasting
  7100 | D:8      | Identified the +4 scale mail "Teanamy" {*Corrode rPois rF++
                  | Regen+}
  7150 | D:8      | Reached skill level 5 in Air Magic
  7167 | D:8      | Found Susud's General Store.
  7170 | D:8      | Bought a potion of mutation for 112 gold pieces
  7231 | D:8      | Reached skill level 6 in Conjurations
  7295 | D:8      | Found Metukoargh's Jewellery Shoppe.
  7396 | D:8      | Noticed Pikel
  7427 | D:8      | Killed Pikel
  7428 | D:8      | Reached skill level 10 in Fighting
  7428 | D:8      | Reached skill level 8 in Spellcasting
  7428 | D:8      | Reached skill level 1 in Earth Magic
  7479 | D:8      | Found a sacrificial altar of Ru.
  7530 | D:8      | Found Demeyll's Assorted Antiques.
  7808 | D:9      | Found a stormy altar of Qazlal.
  7832 | D:9      | Reached **** piety under Vehumet
  8235 | D:9      | Reached skill level 2 in Earth Magic
  8329 | D:9      | Reached skill level 6 in Air Magic
  8337 | D:9      | Reached skill level 1 in Armour
  8479 | D:9      | Noticed an elephant
  8480 | D:9      | Found a staircase to the Lair.
  8497 | D:9      | Killed an elephant
  8498 | D:9      | Reached skill level 11 in Fighting
  8498 | D:9      | Reached skill level 7 in Conjurations
  8577 | D:9      | You pick up a book of Power and begin reading...
  8577 | D:9      | You add the spells Iskenderun's Battlesphere and
                  | Spellforged Servitor to your library.
  8590 | D:9      | Learned a level 4 spell: Iskenderun's Mystic Blast
  8612 | D:9      | Noticed a two-headed ogre
  8623 | D:9      | Offered knowledge of Airstrike by Vehumet.
  8638 | D:9      | Killed a two-headed ogre
  8639 | D:9      | Reached skill level 2 in Armour
  8639 | D:9      | Reached XP level 11. HP: 99/120 MP: 2/23
  9009 | D:9      | Found a sparkling altar of Nemelex Xobeh.
  9312 | D:9      | Found a shimmering blue altar of Sif Muna.
  9347 | D:9      | Upgraded the game from 0.31-a0-1603-gbec6b6ccbf to
                  | 0.32-a0-7-ge934b4519a
  9347 | D:9      | magus.rc [v1.10.3]
  9348 | D:10     | Entered Level 10 of the Dungeon
  9358 | D:10     | Reached skill level 4 in Translocations
  9410 | D:10     | Found the +2 cloak of the Thief {*Fog Slay-2 SInv Stlth+}
  9461 | D:10     | Noticed an arcanist
  9472 | D:10     | Killed an arcanist
  9483 | D:10     | Reached skill level 3 in Armour
  9721 | D:10     | Found a shadowy altar of Dithmenos.
  9722 | D:10     | Found a burning altar of Makhleb.
  9766 | D:10     | Found Duukheta's Assorted Antiques.
  9777 | D:10     | Bought a knobbly silver ring for 160 gold pieces
  9874 | Lair:1   | Entered Level 1 of the Lair of Beasts
 10047 | Lair:1   | Found a blossoming altar of Fedhas.
 10053 | Lair:1   | Reached skill level 9 in Spellcasting
 10075 | Lair:1   | Reached skill level 12 in Fighting
 10105 | Lair:1   | Reached skill level 4 in Armour
 10105 | Lair:1   | Reached skill level 5 in Translocations
 10305 | Lair:1   | Reached skill level 8 in Conjurations
 11147 | Lair:2   | Reached skill level 5 in Armour
 11147 | Lair:2   | Reached skill level 2 in Dodging
 11147 | Lair:2   | Reached XP level 12. HP: 101/132 MP: 10/25
 11152 | Lair:1   | Reached skill level 7 in Air Magic
 11154 | Lair:1   | Reached skill level 3 in Dodging
 11155 | Lair:1   | HP: 33/132 [poisoned by a cane toad]
 11160 | Lair:1   | HP: 27/132 [poisoned by a cane toad]
 11446 | Lair:2   | Found a staircase to the Swamp.
 11459 | Lair:2   | Noticed a skyshark
 11477 | Lair:2   | Noticed a skyshark
 11699 | Lair:1   | Killed a skyshark
 11700 | Lair:1   | Reached skill level 4 in Dodging
 11705 | Lair:1   | Learned a level 4 spell: Vhi's Electric Charge
 11735 | Lair:2   | Killed a skyshark
 11788 | Lair:2   | Found a white marble altar of Elyvilon.
 11920 | Lair:2   | Reached skill level 10 in Spellcasting
 12171 | D:8      | Bought a scroll of identify for 58 gold pieces
 12408 | D:3      | Reached ***** piety under Vehumet
 12826 | Lair:2   | Offered knowledge of Freezing Cloud by Vehumet.
 12829 | Lair:2   | You fall into a shaft and drop 2 floors!
 12987 | Lair:2   | Found a staircase to the Snake Pit.
 13299 | Lair:3   | Noticed a seven-headed hydra
 13303 | Lair:3   | Reached skill level 11 in Spellcasting
 13390 | Lair:3   | Reached skill level 6 in Translocations
 13500 | Lair:3   | Killed a seven-headed hydra
 13501 | Lair:3   | Reached skill level 12 in Spellcasting
 13501 | Lair:3   | Reached skill level 8 in Air Magic
 13717 | Lair:3   | Reached skill level 13 in Spellcasting
 13729 | Lair:3   | Learned a level 5 spell: Freezing Cloud
 13911 | Lair:3   | Noticed a seven-headed hydra
 13919 | Lair:3   | Killed a seven-headed hydra
 13920 | Lair:3   | Reached skill level 1 in Ice Magic
 14064 | Lair:3   | Reached XP level 13. HP: 98/141 MP: 17/30
 14309 | Lair:3   | Reached skill level 2 in Ice Magic
 14446 | Lair:4   | Reached skill level 9 in Conjurations
 14498 | Lair:4   | Reached skill level 14 in Spellcasting
 14598 | Lair:4   | Reached skill level 3 in Ice Magic
 15037 | Lair:4   | HP: 17/141 [skyshark (25)]
 15041 | Lair:4   | Reached skill level 13 in Fighting
 15474 | Lair:5   | Entered Level 5 of the Lair of Beasts
 15764 | Lair:5   | Reached skill level 4 in Ice Magic
 15900 | Lair:5   | Offered knowledge of Starburst by Vehumet.
 15916 | Lair:5   | Reached skill level 10 in Conjurations
 15916 | Lair:5   | Reached skill level 5 in Ice Magic
 16128 | Lair:5   | Reached skill level 6 in Ice Magic
 16141 | Lair:5   | Reached XP level 14. HP: 142/154 MP: 17/32
 16216 | Lair:5   | Reached skill level 11 in Conjurations
 16431 | Lair:5   | Found a staircase to the Slime Pits.
 16433 | Lair:5   | Found a viscous altar of Jiyva.
 16528 | Lair:5   | magus.rc [v1.10.3]
 16572 | Lair:5   | Reached skill level 12 in Conjurations
 17139 | Snake:1  | Entered Level 1 of the Snake Pit
 17151 | Snake:1  | Reached skill level 9 in Air Magic
 17153 | Snake:1  | Reached skill level 14 in Fighting
 17430 | Snake:1  | Identified the serpent talisman of the Ward {Int+5 Stlth+}
 17430 | Snake:1  | Noticed Aizul
 17440 | Snake:1  | HP: 39/157 [Aizul (30)]
 17442 | Snake:1  | HP: 16/157 [Aizul/bolt of poison (40)]
 17443 | Snake:1  | Killed from afar by Aizul

Vanquished Creatures
  A fire dragon (Lair:5)
  6 hydras
  An anaconda (Snake:1)
  2 boulder beetles (Lair:5)
  A two-headed ogre (D:9)
  6 skysharks
  An arcanist (D:10)
  2 naga ritualists (Snake:1)
  2 mana vipers (Snake:1)
  Pikel (D:8)
  3 salamanders
  7 elephants
  9 black mambas
  A naga mage (Snake:1)
  20 cane toads
  12 rime drakes
  7 komodo dragons
  A hornet (Lair:3)
  3 tyrant leeches (Lair:5)
  2 polar bears
  18 blink frogs
  2 vampires
  A shadow (D:9)
  7 wyverns
  34 yaks
  5 vampire mosquitoes (Lair:5)
  8 steam dragons
  5 basilisks
  Menkaure (D:7)
  Edmund (D:6)
  3 nagas (Snake:1)
  An acid dragon (D:9)
  17 water moccasins
  Duvessa (D:5)
  4 black bears
  4 ice beasts
  3 orc warriors
  An ogre (D:5)
  10 wolves
  6 centaurs
  A kobold brigand (D:10)
  4 lemures (D:8)
  3 scorpions
  21 bullfrogs
  10 wights
  Dowan (D:5)
  5 killer bees
  3 electric eels
  4 lava snakes (Lair:2)
  An iron imp (D:4)
  2 hounds
  15 jellies
  Crazy Yiuf (D:6)
  6 orc priests
  3 iguanas (D:5)
  7 orc wizards
  4 hell rats (Lair:5)
  7 mummies (Ossuary)
  14 adders
  10 gnolls
  7 river rats
  2 shadow imps
  2 ribbon worms (D:3)
  7 dart slugs
  15 orcs
  8 ball pythons
  6 bats
  5 endoplasms
  4 giant cockroaches
  2 gnoll zombies (Ossuary)
  5 goblins
  8 hobgoblins
  11 jackals
  3 quokkas
  4 frilled lizards
  A hobgoblin zombie (Ossuary)
  27 kobolds
  A kobold zombie (Ossuary)
  3 orc zombies (Ossuary)
  20 rats
483 creatures vanquished.

Vanquished Creatures (collateral kills)
  A phantom (D:6)
  2 scorpions
  A wight (D:7)
  A jelly (D:5)
  A mummy (Ossuary)
  An adder (D:3)
  3 orcs
  A goblin (D:3)
  A bat (D:2)
  2 kobolds (Sewer)
  An orc zombie (Ossuary)
  4 rats
19 creatures vanquished.

Grand Total: 502 creatures vanquished

Table legend:
 A = Non-vault XP
 B = Vault XP
 C = Vault XP percentage of total XP
 D = Non-vault monster count
 E = Vault monster count
 F = Vault count percentage of total count
                 A         B        C        D         E       F
            +---------+---------+-------+---------+---------+-------
      Total |   50795 |   24219 |  32.3 |     324 |     174 |  34.9
            +---------+---------+-------+---------+---------+-------
        D:1 |      89 |       0 |   0.0 |      41 |       0 |   0.0
        D:2 |      98 |       0 |   0.0 |      24 |       0 |   0.0
        D:3 |     126 |      18 |  12.5 |      16 |       8 |  33.3
        D:4 |     113 |      44 |  28.0 |       6 |       1 |  14.3
        D:5 |     690 |     444 |  39.2 |      15 |       4 |  21.1
        D:6 |     961 |     372 |  27.9 |      21 |      11 |  34.4
        D:7 |    1599 |     175 |   9.9 |      23 |       1 |   4.2
        D:8 |     891 |     663 |  42.7 |      10 |       1 |   9.1
        D:9 |    3291 |    1565 |  32.2 |      21 |       6 |  22.2
       D:10 |     882 |     721 |  45.0 |      12 |       1 |   7.7
     Lair:1 |    7727 |       0 |   0.0 |      32 |       0 |   0.0
     Lair:2 |    4172 |     696 |  14.3 |      19 |       5 |  20.8
     Lair:3 |    5370 |    2504 |  31.8 |      19 |      11 |  36.7
     Lair:4 |    5671 |    1112 |  16.4 |      16 |       3 |  15.8
     Lair:5 |   10882 |   15559 |  58.8 |      32 |      63 |  66.3
    Snake:1 |    8233 |       0 |   0.0 |      17 |       0 |   0.0
      Sewer |       0 |     192 | 100.0 |       0 |      43 | 100.0
    Ossuary |       0 |     154 | 100.0 |       0 |      16 | 100.0
            +---------+---------+-------+---------+---------+-------

Skill      XL: |  1  2  3  4  5  6  7  8  9 10 11 12 13 14 |
---------------+-------------------------------------------+-----
Translocations | 1 2 3 5 6 |  6.0
Conjurations   | 1 2 3 4 5 7 8 10 12 | 12.0
Fighting       | 1 2 3 5 6 9 11 12 13 14 | 14.5
Summonings     | 1 2 3 |  3.0
Alchemy        | 1 2 3 4 |  4.5
Air Magic      | 1 2 3 4 6 8 9 |  9.0
Spellcasting   | 4 5 6 8 9 13 14 | 14.5
Earth Magic    | 2 |  2.0
Armour         | 2 5 |  5.0
Dodging        | 2 4 |  4.0
Ice Magic      | 1 6 |  6.0
Stealth        | |  1.4

Action                     |  1- 3 |  4- 6 |  7- 9 | 10-12 | 13-15 || total
---------------------------+-------+-------+-------+-------+-------++-------
  Melee: Dagger            |    94 |    31 |       |       |       ||   125
         Punch             |     1 |       |     3 |     1 |     1 ||     6
         Headbutt          |    18 |    27 |    53 |    35 |     2 ||   135
         Mace              |       |   145 |   282 |   105 |    16 ||   548
   Cast: Magic Dart        |    67 |    64 |    11 |       |       ||   142
         Call Imp          |       |    24 |    36 |       |       ||    60
         Mercury Vapours   |       |     4 |    39 |     5 |     5 ||    53
         Mephitic Cloud    |       |       |     9 |    11 |     2 ||    22
         Scorch            |       |       |    41 |    37 |    16 ||    94
         Stone Arrow       |       |       |     7 |   248 |   191 ||   446
         Arcjolt           |       |       |       |    23 |     4 ||    27
         Blink             |       |       |       |     2 |       ||     2
         Iskenderun's Myst |       |       |       |    11 |    31 ||    42
         Freezing Cloud    |       |       |       |       |    38 ||    38
  Evoke: Wand              |       |       |       |     4 |       ||     4
    Use: Scroll            |       |       |    11 |     9 |     6 ||    26
         Potion            |       |       |     1 |     4 |     3 ||     8
   Stab: Sleeping          |     2 |     2 |     1 |       |       ||     5
         Distracted        |       |     1 |       |       |       ||     1
         Confused          |       |       |     4 |     1 |       ||     5
 Armour: Robe              |    69 |   173 |   348 |   101 |       ||   691
         Acid dragon scale |       |       |       |   256 |   116 ||   372
  Dodge: Dodged            |    53 |   129 |   222 |   156 |    56 ||   616

Illustrated notes

Table legend:
 A = Kills in this place as a percentage of kills in the entire game.
 B = Kills by you in this place as a percentage of kills by you in the entire game.
 C = Kills by friends in this place as a percentage of kills by friends in the entire game.
 D = Other kills in this place as a percentage of other kills in the entire game.
 E = Experience gained in this place as a percentage of experience gained in the entire game.
 F = Experience gained in this place divided by the number of levels of this place that you have seen.
                   A       B       C       D       E      F
               +-------+-------+-------+-------+-------+----------------------
         Total | 100.0 | 100.0 | 100.0 | 100.0 | 100.0 | 3948.1
       Dungeon |  44.6 |  43.8 |  63.2 |  44.4 |  17.0 | 1274.2
          Lair |  40.2 |  42.6 |   0.0 |   0.0 |  71.6 | 10738.6
     Snake Pit |   3.4 |   3.6 |   0.0 |   0.0 |  11.0 | 8233.0
         Sewer |   8.6 |   7.0 |  26.3 |  55.6 |   0.3 | 192.0
       Ossuary |   3.2 |   3.0 |  10.5 |   0.0 |   0.2 | 154.0
               +-------+-------+-------+-------+-------+----------------------

Table legend: (Time is in decaauts)
 A = Elapsed time spent in this place.
 B = Non-inter-level travel time spent in this place.
 C = Inter-level travel time spent in this place.
 D = Time resting spent in this place.
 E = Time spent auto-exploring this place.
 F = Levels seen in this place.
 G = Mean time per level.
                   A        B        C        D        E       F      G
               +--------+--------+--------+--------+--------+-----+--------+
         Total |  17682 |  16263 |   1419 |   3350 |   4813 |  19 |  930.6 |
       Dungeon |  10049 |   9144 |    905 |    811 |   3788 |  10 | 1004.9 |
        Temple |     18 |     10 |      8 |      0 |      0 |   1 |   18.0 |
          Lair |   6786 |   6281 |    505 |   2441 |   1014 |   5 | 1357.2 |
     Snake Pit |     89 |     89 |      0 |     29 |      7 |   1 |   89.0 |
         Sewer |    410 |    410 |      0 |      0 |      4 |   1 |  410.0 |
       Ossuary |    328 |    328 |      0 |     69 |      0 |   1 |  328.0 |
               +--------+--------+--------+--------+--------+-----+--------+

Top non-repeatable levels by time:
  Lair:1: 1772 daAuts
     D:9: 1656 daAuts
  Lair:5: 1374 daAuts
  Lair:4: 1336 daAuts
     D:7: 1270 daAuts
     D:1: 1172 daAuts
     D:6: 1153 daAuts
  Lair:2: 1152 daAuts
  Lair:3: 1151 daAuts
     D:3: 1016 daAuts
     D:5: 992 daAuts
     D:2: 922 daAuts
     D:8: 822 daAuts
     D:4: 564 daAuts
    D:10: 478 daAuts
